 Dungeon Crawl Stone Soup version 0.25.1-2-g60ff931 (console) character file.

Game seed: 5640383748981654957

52594 Godmorgon the Fighter (level 14, -3/96 HPs)
             Began as a Gargoyle Berserker on Aug 14, 2020.
             Was the Champion of Trog.
             Slain by a tyrant leech (23 damage)
             ... on level 6 of the Lair of Beasts on Aug 16, 2020.
             The game lasted 03:54:35 (19151 turns).

Godmorgon the Fighter (Gargoyle Berserker)         Turns: 19151, Time: 03:54:37

Health: -3/96      AC: 25    Str: 27    XL:     14   Next: 64%
Magic:  17/17      EV: 15    Int:  7    God:    Trog [******]
Gold:   943        SH:  0    Dex:  9    Spells: 13/13 levels left

rFire    + . .     SeeInvis .   a - +7 mace of Variability {chain chaos}
rCold    + . .     Gourm    .   (shield currently unavailable)
rNeg     + . .     Faith    +   t - +3 ring mail {rF+}
rPois    ∞         Spirit   .   v - +0 helmet
rElec    +         Reflect  .   (no cloak)
rCorr    .         Harm     .   Y - +0 pair of gloves (curse)
MR       ++...                  R - +0 pair of boots
Stlth    ++........             O - amulet of faith
HPRegen  0.26/turn              M - ring of protection from cold
MPRegen  0.15/turn              N - ring of protection from magic

@: berserk cooldown, flying, slowed, studying Shields, very slow
A: big wings, negative energy resistance 1, electricity resistance, unbreathing,
petrification resistance, rot immunity, AC +10
a: Stop Flying, Berserk, Trog's Hand, Brothers in Arms, Renounce Religion


You were on level 6 of the Lair of Beasts.
You worshipped Trog.
Trog was exalted by your worship.
You were hungry.

You visited 3 branches of the dungeon, and saw 18 of its levels.
You also visited: Volcano.

You collected 1592 gold pieces.
You spent 649 gold pieces at shops.

Inventory:

Hand Weapons
 a - the +7 mace of Variability (weapon) {chain chaos}
   (Trog gifted it to you on level 2 of the Lair of Beasts)

   Each time it hits an enemy it has a different, random effect.
 b - a +5 dire flail of holy wrath
 d - a +2 dire flail of flaming
 k - a +1 great mace of flaming
 p - a +1 demon whip of flaming
 z - a +3 vorpal great mace
Missiles
 e - 12 poisoned darts
 g - 32 stones
 C - 8 javelins (quivered)
Armour
 f - a +1 ring mail of positive energy
 t - a +3 ring mail of fire resistance (worn)
 v - a +0 helmet (worn)
 F - a +2 pair of gloves
 R - a +0 pair of boots (worn)
 Y - a cursed +0 pair of gloves (worn)
 Z - a scarf of harm
Jewellery
 u - an uncursed ring of protection from fire
 I - an uncursed amulet of regeneration {unknown}
 M - a ring of protection from cold (left hand)
 N - a ring of protection from magic (right hand)
 O - an amulet of faith (around neck)
 V - an uncursed ring of see invisible
Wands
 n - a wand of digging (10)
 x - a wand of polymorph (8)
 y - a wand of acid (15)
 P - a wand of flame (18)
 X - a wand of paralysis (7)
Scrolls
 l - 5 scrolls of remove curse
 m - a scroll of silence
 r - 11 scrolls of teleportation
 A - 3 scrolls of magic mapping
 B - 5 scrolls of blinking
 G - a scroll of enchant weapon
 H - a scroll of brand weapon
 K - 4 scrolls of fog
 S - 3 scrolls of fear
Potions
 i - a potion of stabbing
 j - 4 potions of resistance
 o - 5 potions of heal wounds
 q - 6 potions of haste
 s - 10 potions of curing
 w - a potion of berserk rage
 E - a potion of invisibility
Books
 h - a manual of Shields
Comestibles
 c - 34 rations
 D - 3 chunks of flesh


   Skills:
 * Level 14.9 Fighting
 * Level 13.8 Maces & Flails
 - Level 5.0 Throwing
 - Level 10.0 Armour
 + Level 8.8 Dodging
 - Level 5.0 Stealth
 - Level 5.0 Evocations


You had 13 spell levels left.
You didn't know any spells.
Your spell library contained the following spells:

 Spells                   Type           Power        Failure   Level  Hunger
 Corona                   Hex            #......      54%         1    ##.....
 Ensorcelled Hibernation  Hex/Ice        #.....       67%         2    ###....
 Confusing Touch          Hex            #.......     88%         3    ####...
 Dazzling Flash           Conj/Hex       #.....       88%         3    ####...
 Tukima's Dance           Hex            #.......     88%         3    ####...


Dungeon Overview and Level Annotations

Branches:
Dungeon (11/15)            Temple (1/1) D:5            Lair (6/6) D:10
 Shoals (0/4) Lair:3       Spider (0/4) Lair:3        Slime (0/5) Lair:6
Volcano (visited)
    Orc: D:9-12

Altars:
Ashenzari
Cheibriados
Dithmenos
Elyvilon
Fedhas
Gozag
Makhleb
Nemelex Xobeh
Okawaru
Qazlal
Ru
Trog
Vehumet
Wu Jian
The Shining One
Lugonu

Shops:
D:11 ?

Annotations:
D:10 3 runed translucent doors, exclusion: orange crystal statue
Lair:1 exclusion: oklob plant


Innate Abilities, Weirdness & Mutations

You are resistant to torment.
Your stone body is resilient. (AC +10)
You are immune to poison.
Your large and strong wings let you fly indefinitely.
You resist negative energy. (rN+)
You are resistant to electric shocks. (rElec)
You can survive without breathing.
You are immune to petrification.
You are immune to rotting.


Message History

You barely miss the tyrant leech. The spiny frog barely misses you.
The spiny frog stings you but does no damage.
You feel a strong urge to attack something.
The spiny frog stings you but does no damage.
You sock the spiny frog!
The spiny frog is moderately wounded.
The spiny frog misses you.
You sock the tyrant leech!
The tyrant leech suddenly seems more agile.
The tyrant leech is moderately wounded.
The tyrant leech barely misses you. The spiny frog closely misses you.
You miss the tyrant leech.
The tyrant leech is moderately wounded.
You miss the tyrant leech.
The tyrant leech is moderately wounded.
You are no longer berserk.
You are exhausted.
You feel yourself slow down. The spiny frog barely misses you.
The tyrant leech bites you!!
You die...

######..##÷÷.##.....#...##
#..##....................###
##......###....≈.....≈.....####
#.....###.≈........≈...P....#.#
##..####..≈..≈..≈≈≈≈≈≈≈..≈...≈..
##.......P.≈≈≈≈≈≈≈≈≈#≈≈≈≈≈.......
#P.....≈.≈≈≈≈≈≈≈≈≈≈≈###≈≈≈≈≈≈...≈
#..≈.≈..≈≈≈≈≈≈≈≈≈≈≈###≈≈≈≈≈≈≈≈...
##...≈.≈≈≈≈≈≈P≈≈@####≈≈≈≈≈≈≈≈≈≈.^
##.≈..≈≈≈≈≈≈≈≈≈≈Fw≈≈#≈≈≈≈≈≈≈.≈###
...≈..≈≈≈≈≈≈≈≈.≈≈≈≈≈≈≈≈≈≈≈.####
#.....≈≈≈≈≈≈≈≈≈≈≈≈.†≈#######
#.....≈≈≈≈≈≈≈≈≈≈≈.P≈≈≈≈#
#P..≈≈≈≈≈≈≈≈≈≈≈≈.≈≈($"≈P.≈
#...≈≈≈≈≈≈≈≈≈≈≈≈≈≈)$:)P≈≈≈
##.†.≈≈≈≈≈≈≈≈≈≈.≈≈"$(P≈≈.≈
##...≈≈≈≈≈≈≈≈####≈≈≈≈≈≈.≈.


You could see a tyrant leech (agile) and a spiny frog.

Vanquished Creatures
  5 hydras
  The ghost of Lyixzymp the Unseen, a journeyman SpEn of Wu Jian (Lair:4)
  2 skeletal warriors (Volcano)
  A lindwurm (Lair:5)
  2 anaconda skeletons (Volcano)
  An orb spider (Lair:3)
  3 ugly things
  A manticore (Lair:3)
  2 oklob plants (Lair:1)
  A cyclops (D:9)
  6 gargoyles
  7 black mambas
  20 spiny frogs
  3 rime drakes
  4 komodo dragons
  2 trolls
  A jumping spider (Lair:5)
  A polar bear (Lair:5)
  Prince Ribbit (D:7)
  2 slime creatures (Lair:5)
  A hornet (Lair:2)
  10 dream sheep
  4 tyrant leeches (Lair:6)
  5 hippogriffs
  22 blink frogs
  3 flying skulls (Volcano)
  A wyvern (Lair:5)
  2 spriggans
  2 alligator skeletons (Volcano)
  3 basilisks
  36 yaks
  A steam dragon (D:6)
  6 vampire mosquitoes
  Menkaure (D:5)
  Edmund (D:5)
  2 wargs
  Duvessa (D:7)
  An acid dragon (D:11)
  4 porcupines
  7 water moccasins
  A black bear (shapeshifter) (Lair:6)
  3 orc warriors
  3 ice beasts
  3 sky beasts
  2 eyes of draining
  4 phantoms
  2 necrophages
  11 ogres
  2 black bears
  33 wolves
  7 centaurs
  12 crocodiles
  22 bullfrogs
  Dowan (D:7)
  4 small abominations (D:7)
  2 scorpions
  10 killer bees
  2 troll skeletons (Volcano)
  3 howler monkeys (D:11)
  An electric eel (Lair:1)
  7 crimson imps
  A bullfrog zombie (D:11)
  A quasit (D:5)
  5 jellies
  4 hounds
  A centaur skeleton (D:7)
  2 bullfrog skeletons
  3 iron imps (D:9)
  3 orc priests
  2 iguanas
  5 hell rats (Lair:5)
  5 worker ants
  6 orc wizards
  A killer bee zombie (D:8)
  5 naga skeletons (Volcano)
  2 hound zombies
  4 hound skeletons
  Robin (D:3)
  A howler monkey skeleton (D:6)
  A worker ant zombie (D:8)
  15 gnolls
  11 adders
  3 shadow imps
  A worm (D:3)
  A dart slug (D:2)
  4 leopard geckos
  34 orcs
  A ball python (D:6)
  5 bats
  5 giant cockroaches
  9 goblins
  10 hobgoblins
  12 jackals
  2 quokkas (D:2)
  4 frilled lizards
  A goblin skeleton (D:5)
  A goblin zombie (D:5)
  3 hobgoblin zombies (D:5)
  2 jackal skeletons
  6 kobolds
  A kobold skeleton (D:5)
  A kobold zombie (D:5)
  2 leopard gecko skeletons
  An orc skeleton (D:5)
  3 quokka skeletons
  3 quokka zombies (D:9)
  5 rats
  A fungus (Lair:5)
514 creatures vanquished.

Vanquished Creatures (collateral kills)
  A hydra (Lair:5)
1 creature vanquished.

Vanquished Creatures (others)
  The ghost of Nubia the Covert, a journeyman GnEn (Lair:4)
  A yak (Lair:6)
  A crocodile (Lair:4)
  A gnoll (D:7)
  9 fungi
  44 plants
57 creatures vanquished.

Grand Total: 572 creatures vanquished

Notes
Turn   | Place    | Note
-------+----------+-------------------------------------------
     0 | D:1      | Godmorgon the Gargoyle Berserker began the quest for the
                  | Orb.
     0 | D:1      | Reached XP level 1. HP: 14/14 MP: 1/1
    70 | D:1      | Reached XP level 2. HP: 19/19 MP: 2/2
   783 | D:2      | Found a shattered altar of Ashenzari.
   797 | D:2      | Reached XP level 3. HP: 20/23 MP: 3/3
  1172 | D:2      | Reached ** piety under Trog
  1572 | D:3      | Noticed Robin
  1615 | D:2      | Reached XP level 4. HP: 27/29 MP: 4/4
  1761 | D:3      | Killed Robin
  1761 | D:3      | Reached skill level 4 in Fighting
  2233 | D:2      | Reached XP level 5. HP: 26/33 MP: 5/5
  2761 | D:4      | Noticed a phantom
  2801 | D:5      | Entered Level 5 of the Dungeon
  2805 | D:5      | Noticed Edmund
  2817 | D:5      | Killed Edmund
  2817 | D:5      | Reached XP level 6. HP: 39/39 MP: 6/6
  2871 | D:4      | Killed a phantom
  2905 | D:4      | Reached skill level 5 in Fighting
  3152 | D:4      | Found a bloodstained altar of Trog.
  3152 | D:4      | Noticed an eye of draining
  3166 | D:3      | Reached XP level 7. HP: 39/44 MP: 3/7
  3323 | D:4      | Found a blossoming altar of Fedhas.
  3326 | D:4      | Found Zout's Magic Scroll Emporium.
  3360 | D:4      | Bought a scroll of identify for 22 gold pieces
  3360 | D:4      | Bought a scroll of remove curse for 33 gold pieces
  3360 | D:4      | Bought 2 scrolls of identify for 44 gold pieces
  3360 | D:4      | Bought a scroll of teleportation for 33 gold pieces
  3360 | D:4      | Bought a scroll of identify for 22 gold pieces
  3360 | D:4      | Bought a scroll of remove curse for 33 gold pieces
  3360 | D:4      | Bought a scroll of identify for 22 gold pieces
  3548 | D:4      | Found a white marble altar of Elyvilon.
  3654 | D:4      | Reached skill level 1 in Stealth
  3674 | D:5      | Reached skill level 5 in Maces & Flails
  3674 | D:5      | Reached skill level 5 in Armour
  3789 | D:5      | Found a staircase to the Ecumenical Temple.
  3793 | D:5      | Reached *** piety under Trog
  3845 | D:5      | Noticed Menkaure
  3912 | D:5      | Reached XP level 8. HP: 51/51 MP: 8/8
  4003 | D:5      | Found a glowing golden altar of the Shining One.
  4283 | D:5      | Reached skill level 6 in Fighting
  4283 | D:5      | Reached skill level 1 in Throwing
  4349 | Temple   | Entered the Ecumenical Temple
  4393 | D:5      | Killed Menkaure
  4745 | D:6      | Reached **** piety under Trog
  5083 | D:6      | Reached XP level 9. HP: 56/56 MP: 9/9
  5290 | D:6      | Found an opulent altar of Gozag.
  5478 | D:6      | Reached skill level 7 in Fighting
  5591 | D:7      | Found a transporter.
  5604 | D:7      | Noticed a purple ugly thing
  5611 | D:7      | Found a transporter.
  5612 | D:7      | Found a corrupted altar of Lugonu.
  5613 | D:7      | Noticed a green ugly thing
  6062 | D:7      | Found a sparkling altar of Nemelex Xobeh.
  6066 | D:7      | Found a sacrificial altar of Ru.
  6400 | D:7      | Noticed Prince Ribbit
  6411 | D:7      | Killed Prince Ribbit
  6635 | D:7      | Reached skill level 8 in Fighting
  6654 | D:7      | Reached XP level 10. HP: 64/64 MP: 10/10
  6667 | D:7      | Noticed Duvessa
  6693 | D:7      | Noticed Dowan
  6704 | D:7      | Killed Duvessa
  6705 | D:7      | Killed Dowan
  6763 | D:7      | Found a snail-covered altar of Cheibriados.
  6767 | D:7      | Reached ***** piety under Trog
  6830 | D:7      | Killed a purple ugly thing
  6830 | D:7      | Reached skill level 5 in Stealth
  6837 | D:7      | Killed a purple ugly thing
  6838 | D:7      | Reached skill level 5 in Dodging
  7006 | D:8      | Found an iron altar of Okawaru.
  7062 | D:8      | Found a shadowy altar of Dithmenos.
  7440 | D:8      | Reached skill level 9 in Fighting
  8137 | D:9      | Noticed a cyclops
  8170 | D:9      | Killed a cyclops
  8192 | D:9      | Found a burning altar of Makhleb.
  8686 | D:8      | Reached XP level 11. HP: 63/71 MP: 11/11
  8803 | D:9      | Found a radiant altar of Vehumet.
  9065 | D:9      | Received a gift from Trog
  9236 | D:10     | Entered Level 10 of the Dungeon
  9385 | D:10     | Found a staircase to the Lair.
  9525 | D:10     | Reached skill level 10 in Fighting
  9592 | D:10     | Found a runed translucent door.
  9618 | D:10     | Found a runed translucent door.
  9631 | D:10     | Found a runed translucent door.
  9702 | D:10     | Found a runed translucent door.
 10213 | D:10     | Noticed an orange crystal statue
 10440 | D:11     | Noticed a white ugly thing
 10457 | D:11     | Noticed a seven-headed hydra
 10472 | D:11     | Killed a seven-headed hydra
 10808 | D:11     | Found Tipih's Magic Scroll Boutique.
 10848 | D:11     | Bought a scroll of teleportation for 48 gold pieces
 10848 | D:11     | Bought a scroll of teleportation for 48 gold pieces
 10848 | D:11     | Bought a scroll of teleportation for 48 gold pieces
 10848 | D:11     | Bought a scroll of fear for 56 gold pieces
 10848 | D:11     | Bought a scroll of blinking for 120 gold pieces
 10848 | D:11     | Bought a scroll of silence for 120 gold pieces
 11199 | D:11     | Killed a white ugly thing
 11237 | D:11     | Noticed a six-headed hydra
 11243 | D:11     | Killed a six-headed hydra
 11243 | D:11     | Reached skill level 10 in Maces & Flails
 11539 | Lair:1   | Entered Level 1 of the Lair of Beasts
 11550 | Lair:1   | Noticed a seven-headed hydra
 11591 | Lair:1   | Killed a seven-headed hydra
 11591 | Lair:1   | Reached skill level 11 in Fighting
 11591 | Lair:1   | Reached XP level 12. HP: 70/80 MP: 12/12
 11739 | Lair:1   | Reached skill level 5 in Throwing
 11896 | Lair:1   | Noticed a seven-headed hydra
 11904 | Lair:1   | Killed a seven-headed hydra
 12411 | Lair:1   | Noticed a five-headed hydra
 12635 | Lair:1   | Killed a five-headed hydra
 12666 | Lair:1   | Reached skill level 10 in Armour
 13195 | Lair:1   | Reached skill level 12 in Fighting
 13230 | Lair:2   | Received a gift from Trog
 13231 | Lair:2   | Found the +7 mace of Variability {chain chaos}
 13312 | Lair:2   | Noticed a spriggan rider
 13383 | Lair:2   | Killed a spriggan rider
 13383 | Lair:2   | Reached skill level 1 in Evocations
 13439 | Lair:2   | Reached ****** piety under Trog
 14028 | Lair:3   | Reached XP level 13. HP: 87/87 MP: 14/14
 14101 | Lair:3   | Found a hole to the Spider Nest.
 14598 | Lair:3   | Found a staircase to the Shoals.
 14869 | Lair:4   | Found a runed translucent gate.
 15308 | Lair:4   | Found a runed translucent gate.
 15308 | Lair:4   | Found a runed translucent gate.
 15312 | Lair:4   | Noticed Lyixzymp's ghost (journeyman SpEn)
 15312 | Lair:4   | Noticed Nubia's ghost (journeyman GnEn)
 15361 | Lair:4   | Banished Nubia's ghost
 15361 | Lair:4   | Reached skill level 13 in Fighting
 15392 | Lair:4   | Killed Lyixzymp's ghost
 15827 | Lair:5   | Found a dark tunnel.
 15837 | Volcano  | Entered a volcano
 16380 | Volcano  | Got a fine scimitar
 16776 | Lair:5   | Identified the +2 scimitar of Callousness {distort, MR+}
                  | (You found it in a volcano)
 17064 | Lair:5   | Received a gift from Trog
 17505 | Lair:5   | Gained mutation: Your large and strong wings let you fly
                  | indefinitely. [Gargoyle growth]
 17505 | Lair:5   | Reached XP level 14. HP: 93/95 MP: 17/17
 17769 | Lair:6   | Entered Level 6 of the Lair of Beasts
 17829 | Lair:5   | Reached skill level 14 in Fighting
 18137 | Lair:6   | Found a staircase to the Slime Pits.
 18249 | Lair:5   | Reached skill level 5 in Evocations
 18682 | Lair:6   | Received a gift from Trog
 19151 | Lair:6   | Slain by a tyrant leech

Illustrated notes

Levels and vault maps discovered:
D:1:      dpeg_chamrin_arrival_tetris, layout_basic
D:2:      layout_rooms, overflow_temple_1_default, serial_rivers,
          chequers_serial_rivers_large_b, chequers_serial_rivers_room_a,
          chequers_serial_rivers_small_a, chequers_serial_rivers_micro_a,
          chequers_serial_rivers_micro_e, chequers_serial_rivers_marsh
D:3:      layout_basic, serial_corexii_hall, chequers_hall_statues_wall_a,
          chequers_hall_statues_wall_a, corexii_hall_statues_t, first_ration,
          uniq_robin
D:4:      layout_loops_ring, fedhas_altar_1, overflow_temple_1_default,
          serial_shops, shop, serial_glass, glass_columns_a, glass_columns_c,
          trog_eyes_of_draining
D:5:      layout_basic, nicolae_tso_besieged_by_evil, temple_green, uniq_edmund,
          uniq_menkaure
D:6:      layout_loops_ring, nicolae_gozag_cash_rules_everything_around_me
D:7:      gammafunk_corrupted_shrine, layout_loops_ring, kennysheep_little_box,
          chequers_temple_overflow_statue_of_worship, uniq_duvessa,
          uniq_prince_ribbit1
D:8:      layout_gridville, okawaru_metal_pillars_3,
          nicolae_dithmenos_shadow_blocks, the_bakery
D:9:      layout_rooms, lemuel_round_altar, demons_altar
D:10:     layout_grid_maze, erik_lair_orcish_takeover,
          minmay_statue_crystal_thing
D:11:     layout_basic, serial_shops, shop_scrolls
Temple:   compressed_dpeg_circular_temple
Lair:1:   dpeg_oklob_gauntlet, layout_hall_layers, minmay_lair_oklob_chamber,
          serial_bayou_shore_a
Lair:2:   layout_cave_shapes, grunt_forest_large_clearings
Lair:3:   layout_small_grid, minmay_shoals_entry_beasts,
          nicolae_spider_entry_orb_guardian, patterned_corridor
Lair:4:   layout_long_grid, serial_forest, infiniplex_forest_clump_curved,
          infiniplex_forest_clump_curved, infiniplex_forest_zigzag_1,
          infiniplex_forest_end_1, infiniplex_forest_straight_2,
          gammafunk_ghost_cemetery, serial_bayou_shore_b
Lair:5:   layout_regular_city, nicolae_volcano_entry_vermiform, minivault_19,
          minivault_23
Lair:6:   minmay_lair_end_frog_pond, layout_hall_layers,
          minmay_slime_entry_pillars

Skill      XL: |  1  2  3  4  5  6  7  8  9 10 11 12 13 14 |
---------------+-------------------------------------------+-----
Dodging        | 2 3 4 5 6 7 8 |  8.8
Armour         | 3 4 5 6 7 8 9 10 | 10.0
Fighting       | 4 5 6 8 9 11 12 13 14 | 14.9
Maces & Flails | 4 5 6 7 8 10 11 12 13 | 13.8
Stealth        | 2 3 4 5 |  5.0
Throwing       | 2 3 4 5 |  5.0
Evocations     | 2 4 5 |  5.0

Action                   |  1- 3 |  4- 6 |  7- 9 | 10-12 | 13-15 || total
-------------------------+-------+-------+-------+-------+-------++-------
Melee: Mace              |   127 |    25 |       |       |       ||   152
       Dire flail        |       |   107 |   261 |   530 |    42 ||   940
       Whip              |       |       |       |     2 |       ||     2
       Great mace        |       |       |       |    36 |   422 ||   458
Throw: Stone             |     7 |    18 |     4 |       |       ||    29
       Boomerang         |       |       |    26 |    91 |       ||   117
       Dart              |       |       |       |    10 |       ||    10
       Javelin           |       |       |       |    16 |    11 ||    27
Invok: Berserk           |     2 |     4 |     3 |    13 |     9 ||    31
       Trog's Hand       |       |     1 |       |     2 |       ||     3
       Brothers in Arms  |       |       |       |       |     1 ||     1
 Abil: Fly               |       |       |       |       |     1 ||     1
  Use: Scroll            |       |       |    18 |    12 |     4 ||    34
       Potion            |       |       |       |       |     1 ||     1
 Stab: Sleeping          |       |       |    12 |    12 |     5 ||    29
       Distracted        |       |       |       |     1 |     1 ||     2
       Petrifying        |       |       |       |       |     1 ||     1
       Petrified         |       |       |       |       |     1 ||     1
       Paralysed         |       |       |       |       |     1 ||     1
  Eat: Chunk             |     5 |     6 |    14 |    28 |    22 ||    75
       Ration            |       |     1 |       |     2 |     1 ||     4
Armor: Animal skin       |    40 |       |       |       |       ||    40
       Leather armour    |    16 |    52 |     9 |       |       ||    77
       Ring mail         |       |       |    85 |       |   271 ||   356
       Steam dragon scal |       |       |     8 |    79 |       ||    87
       Troll leather arm |       |       |       |   205 |    20 ||   225
Dodge: Dodged            |    98 |    90 |   131 |   430 |   353 ||  1102
